Map: Ever Dream LE

Players

Skyler - Winner!

  • Race: Terran Terran
  • League: Grandmaster
  • Spawn Location: 7:00

A.I. 2 (Very Easy)

  • Race: Protoss Protoss
  • Spawn Location: 1:00

VOD

Have the link to the VOD?

Description

Time

  • Played on: April 21, 2020, 10:11 p.m.
  • Length: 11:45
Show
View Real Time Build Order
Export as new Build Order

Skyler Terran - Winner!

Build Orders: Reaper Expand 

Get SALT Encoding   

  12  0:00  SCV  
  13  0:13  SCV  
  14  0:16  Supply Depot  
  14  0:25  SCV  
  15  0:38  SCV  
  15  0:39  Barracks  
  16  0:43  Refinery  
  16  0:50  SCV  
  17  1:02  SCV  
  18  1:14  SCV  
  19  1:27  Orbital Command, Reaper  
  20  1:41  Command Center  
  20  1:54  Barracks  
  20  1:57  SCV  
  20  2:00  Barracks Reactor  
  21  2:08  Supply Depot  
  21  2:10  SCV  
  22  2:20  Factory  
  22  2:23  SCV  
  22  2:29  Refinery  
  23  2:35  SCV  
  24  2:38  Marine x2  
  24  2:41  Barracks Tech Lab  
  26  2:47  SCV  
  27  2:56  Marine x2, Orbital Command  
  29  2:59  SCV  
  29  3:01  Marine  
  29  3:04  Factory Tech Lab  
  31  3:09  Stimpack  
  31  3:11  SCV  
  32  3:18  Marine x2  
  34  3:22  SCV  
  34  3:26  SCV, Marine  
  37  3:27  Supply Depot  
  37  3:33  Siege Tank  
  40  3:35  SCV  
  40  3:37  Marine  
  40  3:38  Marine  
  40  3:41  SCV  
  44  3:47  Marine  
  45  3:49  Supply Depot  
  45  3:54  Starport  
  45  3:56  Marine x2  
  45  3:58  SCV  
  45  4:00  SCV  
  49  4:06  Engineering Bay  
  49  4:10  Siege Tank  
  49  4:15  SCV, Refinery  
  49  4:16  Marine  
  54  4:18  Marine  
  54  4:19  Marine  
  54  4:22  SCV  
  57  4:29  Supply Depot  
  57  4:31  Medivac  
  59  4:32  SCV  
  59  4:36  Marine x2  
  62  4:43  Supply Depot  
  62  4:44  Terran Infantry Weapons Level 1  
  62  4:51  Marine, SCV x2  
  62  4:52  Supply Depot  
  65  4:55  Marine x2  
  67  5:00  Siege Tank  
  70  5:08  Marine  
  70  5:11  SCV, Barracks  
  70  5:13  SCV, Marine x2  
  75  5:17  Medivac  
  77  5:23  SCV  
  77  5:26  Marine  
  77  5:28  Combat Shield  
  79  5:31  Marine x2  
  81  5:40  SCV x2  
  83  5:43  Refinery  
  83  5:50  Starport Reactor  
  83  5:52  SCV, Marine  
  83  5:53  Marine  
  86  5:59  Command Center  
  86  6:00  Barracks Tech Lab  
  86  6:08  Supply Depot x2  
  86  6:10  Marine  
  86  6:11  SCV x2  
  89  6:13  Siege Tank  
  89  6:15  Marine x2  
  94  6:21  Supply Depot  
  94  6:23  Concussive Shells  
  94  6:30  SCV x2, Marauder  
  94  6:32  Viking, Supply Depot  
  100  6:35  Viking  
  102  6:40  Supply Depot  
  102  6:42  SCV  
  102  6:45  Marine x2  
  102  6:47  Supply Depot  
  105  6:49  Marauder  
  105  6:51  SCV  
  105  6:52  Terran Infantry Armor Level 1  
  108  6:54  SCV  
  109  7:02  Supply Depot  
  109  7:03  SCV  
  109  7:04  Armory  
  109  7:07  Marine x2  
  109  7:08  Engineering Bay  
  112  7:11  Marauder  
  114  7:16  Orbital Command  
  114  7:18  Factory Reactor  
  114  7:22  Barracks  
  114  7:26  SCV  
  114  7:28  Barracks  
  115  7:30  Marine x2  
  115  7:32  Marauder  
  115  7:33  SCV  
  120  7:38  SCV  
  120  7:39  Marauder  
  120  7:42  SCV  
  124  7:45  SCV  
  124  7:48  Supply Depot x2  
  125  7:55  SCV x2, Barracks  
  125  7:56  Barracks  
  125  7:57  SCV  
  128  8:02  Ghost Academy  
  128  8:03  Viking  
  130  8:08  Refinery  
  130  8:11  Terran Infantry Weapons Level 2  
  130  8:13  SCV  
  130  8:14  SCV x2, Refinery  
  130  8:19  Supply Depot  
  133  8:22  Sensor Tower  
  133  8:23  Sensor Tower  
  133  8:25  Marine x2  
  135  8:29  SCV  
  135  8:32  SCV x2  
  135  8:33  Factory Tech Lab  
  138  8:35  Ghost, Enhanced Shockwaves  
  138  8:36  Ghost  
  142  8:42  Barracks Tech Lab  
  142  8:43  Barracks Reactor  
  142  8:44  SCV x2  
  144  8:51  SCV  
  144  8:53  Marine x2  
  144  8:55  Command Center, Marine x2  
  147  8:56  SCV  
  150  9:07  Barracks  
  150  9:08  Marauder x3  
  150  9:09  Marauder  
  158  9:13  Marine x2  
  158  9:14  Marine x2  
  158  9:15  Supply Depot  
  158  9:16  Supply Depot  
  162  9:23  Missile Turret  
  162  9:24  Missile Turret x2  
  162  9:27  Fusion Core, Starport  
  162  9:32  SCV x3  
  165  9:38  Marine x3  
  165  9:40  Marine x2  
  165  9:41  Marine  
  165  9:43  Ghost  
  173  9:46  Marauder  
  173  9:48  Marauder  
  177  9:58  Marine x2  
  177  9:59  Marine  
  180  10:02  Refinery  
  180  10:04  Marine  
  180  10:05  Marine x2  
  180  10:06  Marauder  
  185  10:07  Marauder  
  185  10:08  Missile Turret  
  185  10:09  Sensor Tower  
  185  10:12  Starport Reactor  
  187  10:21  Missile Turret  
  187  10:25  Missile Turret  
  187  10:27  Missile Turret  
  187  10:29  Missile Turret, Refinery  
  187  10:30  Marine x4  
  187  10:31  Marauder  
  193  10:36  Planetary Fortress  
  193  10:39  Marauder x2  
  193  10:41  Supply Depot  
  197  10:48  Marine x2  
  199  10:55  Command Center  
Show
View Real Time Build Order
Export as new Build Order

A.I. 2 (Very Easy) Protoss 

Build Orders:  

Get SALT Encoding   

  12  0:00  Probe  
  13  0:13  Probe  
  14  0:19  Pylon  
  14  0:36  Assimilator  
  14  0:43  Gateway  
  14  0:46  Pylon  
  14  1:15  Assimilator  
  14  1:23  Probe  
  14  1:31  Probe  
  14  1:32  Cybernetics Core  
  15  1:33  Zealot  
  15  1:39  Probe  
  19  1:49  Probe  
  20  1:58  Warp Gate  
  20  1:59  Probe  
  20  2:07  Probe  
  22  2:38  Probe  
  22  2:48  Stalker  
  24  4:10  Probe  
  24  4:48  Probe  
  24  7:21  Probe  
  24  7:27  Adept  
  24  7:28  Pylon  
  24  7:29  Probe  
  27  7:31  Nexus  
  27  7:35  Robotics Facility  
  28  7:40  Probe  
  29  7:49  Probe  
  26  8:20  Stalker  
  26  8:21  Observer  
  29  8:35  Observer  
  29  8:44  Probe  
  30  8:51  Assimilator, Probe  
  30  8:55  Assimilator  
  31  8:59  Probe  
  32  9:06  Probe  
  33  9:13  Probe  
  33  9:14  Zealot  
  36  9:20  Probe  
  37  9:27  Probe  
  37  9:30  Probe  
  39  9:39  Probe  
  40  9:47  Probe  
  40  9:52  Probe  
  42  10:03  Probe  
  43  10:10  Probe  
  44  10:17  Probe  
  45  10:24  Probe  
  46  10:29  Probe  
  46  10:35  Pylon  
  47  10:39  Probe  
  48  11:12  Stalker  
  48  11:14  Pylon  
  48  11:17  Probe  
  42  11:23  Pylon  
  32  11:27  Pylon  
  32  11:28  Pylon  
Tags
 
Add a new tag
Caveats
  • Supply blocks, unpowered buildings, or Contaminate may cause inaccurate times.
  • Supply counts are checked every 10 seconds.